 Dungeon Crawl Stone Soup version 0.31-a0-1610-g9787180647 (webtiles) character file.

Game seed: 16425742074965061419

663 night the Caller (level 7, -7/46 HPs)
             Began as a Merfolk Summoner on Jan 8, 2024.
             Was a Priest of Cheibriados.
             Mangled by an orc
             ... wielding a +4 hand axe
              (9 damage)
             ... on level 3 of the Dungeon.
             The game lasted 00:13:33 (3448 turns).

night the Caller (Merfolk Summoner)                 Turns: 3448, Time: 00:13:34

Health: -7/46      AC:  4    Str: 15    XL:     7   Next: 56%
Magic:  2/14       EV: 13    Int: 24    God:    Cheibriados [***...]
Gold:   153        SH:  0    Dex: 21    Spells: 5/15 levels left

rFire   + . .        g - +1 whip (venom)
rCold   + . .        (no shield)
rNeg    . . .        a - +0 robe
rPois   +            (no helmet)
rElec   +            j - +0 cloak
rCorr   +            (no gloves)
SInv    .            i - +0 pair of boots
Will    .....        (no amulet)
Stlth   ++           (no ring)
HPRegen 0.27/turn    (no ring)
MPRegen 0.14/turn

%: no passive effects
@: resistant, unable to call your familiar, hasted, slow
A: (nimble swimmer 2), mertail
a: Renounce Religion, Bend Time, Temporal Distortion


You were on level 3 of the Dungeon.
You worshipped Cheibriados.
Cheibriados was most pleased with you.
You visited 1 branch of the dungeon, and saw 3 of its levels.

You collected 153 gold pieces.

Inventory:

Hand Weapons
 g - a +1 whip of venom (weapon)
 s - a +0 trident
Missiles
 c - 32 stones
 o - 7 boomerangs
 p - 6 javelins
 r - 10 poisoned darts
Armour
 a - a +0 robe (worn)
 i - a +0 pair of boots (worn)
 j - a +0 cloak (worn)
Jewellery
 k - a ring of ice
Scrolls
 h - 2 scrolls of identify


   Skills:
 - Level 2.6 Dodging
 - Level 2.1 Stealth
 + Level 4.7 Spellcasting
 + Level 6.1 Summonings
 + Level 3.1 Fire Magic


You had 5 spell levels left.
You knew the following spells:

 Your Spells              Type           Power      Damage    Failure   Level
a - Summon Small Mammal   Summ           100%       N/A       1%          1
b - Call Imp              Summ           70%        N/A       1%          2
c - Call Canine Familiar  Summ           35%        N/A       2%          3
d - Summon Blazeheart Go  Fire/Summ      27%        N/A       14%         4

Your spell library contained the following spells:

 Spells                   Type           Power      Damage    Failure   Level
 Sandblast                Erth           10%        2d5       9%          1
 Frozen Ramparts          Ice            10%        1d2       26%         3
 Passwall                 Erth           5%         N/A       26%         3
 Stone Arrow              Conj/Erth      10%        3d7       26%         3
 Tukima's Dance           Hex            5%         N/A       26%         3
 Summon Lightning Spire   Summ/Air       20%        N/A       26%         4
 Brom's Barrelling Bould  Conj/Erth      5%         2d3       65%         4
 Leda's Liquefaction      Alch/Erth      2%         N/A       65%         4
 Passage of Golubria      Tloc           5%         N/A       65%         4
 Petrify                  Alch/Erth      5%         N/A       65%         4
 Metabolic Englaciation   Hex/Ice        2%         N/A       94%         5
 Yara's Violent Unravell  Hex/Alch       2%         3d3       94%         5


Dungeon Overview and Level Annotations

Branches:
Dungeon (3/15)

Altars:
Cheibriados

Shops:
D:3 (


Innate Abilities, Weirdness & Mutations

((You are very nimble when in or above water. (Stealth+, EV+, Speed+++)))
Your lower body shifts to a powerful aquatic tail in water.


Message History

Confirm with . or Enter, or press ? or * to list all spells.
The nameless horror hits your rat!
Your rat dies!
Your rat's corpse disappears in a puff of smoke!
Unknown command.
Casting: Summon Small Mammal (safe; 1% risk of failure)
Confirm with . or Enter, or press ? or * to list all spells.
The orc hits your inugami with a +4 hand axe!
Your inugami dies!
Your inugami disappears in a puff of smoke!
Unknown command.
The nameless horror misses your quokka.
You hit the orc but do no damage.
The orc is poisoned.
Your quokka bites the nameless horror but does no damage.
The nameless horror hits your quokka.
Your quokka dies!
Your quokka's corpse disappears in a puff of smoke!
The orc closely misses you.
Casting: Summon Small Mammal (safe; 1% risk of failure)
Confirm with . or Enter, or press ? or * to list all spells.
The nameless horror hits your quokka!
Your quokka dies!
Your quokka's corpse disappears in a puff of smoke!
Unknown command.
Casting: Summon Small Mammal (safe; 1% risk of failure)
Confirm with . or Enter, or press ? or * to list all spells.
The orc hits you with a +4 hand axe!
* * * LOW HITPOINT WARNING * * *
Unknown command.
You aren't carrying any potions.
You closely miss the orc.
The orc is moderately wounded.
Your bat hits the nameless horror but does no damage.
The nameless horror barely misses your bat.
Your bat hits the nameless horror. You hit the orc.
The orc is heavily wounded.
Your bat hits the nameless horror but does no damage.
The orc hits you with a +4 hand axe!
You die...

#'#....'.....))'..'.......'....#'
#.#.[..#########''#########....#.
#.#....#...).....[).)÷....#....#.
#,######..................######.
#,',,..'.......)..........'....'.
#,',,..'...).....[...)....'....'.
#.#*############''##############.
#.#,....#######..).#######..*,,#.
#.#,....'.go@bX...)).....'..',,#.
#'#,....#######..))#######..*,,#'
..#############''''#############.
o.#......................[.....#.
###≈~~~~~≈~~~~~....)~~~~~~~~~~~##
≈≈≈~≈≈~≈≈≈≈≈≈≈~....~≈≈≈≈~≈≈≈≈≈≈≈≈
~~~~~~~~~~~~≈≈≈.)..~~≈≈≈~≈~~~~~≈~
...................).....).......
##.#####.#.........)).#.##.......


You could see a nameless horror (ally target), a gnoll, an orc (very poisoned)
and a friendly bat (summoned).

Vanquished Creatures
  A kobold brigand (D:3)
  A scorpion (D:3)
  A hound (D:3)
  3 gnoll boudas (D:3)
  5 gnolls (D:3)
  3 adders
  A dart slug (D:1)
  A ribbon worm (D:2)
  14 orcs (D:3)
  An endoplasm (D:3)
  2 giant cockroaches (D:2)
  8 jackals (D:3)
  2 quokkas
  2 ball pythons
  5 bats
  2 frilled lizards (D:2)
  A goblin (D:1)
  3 kobolds
  3 rats
59 creatures vanquished.

Vanquished Creatures (collateral kills)
  A gnoll bouda (D:3)
  2 hounds (D:3)
  Jessica (D:2)
  8 gnolls (D:3)
  2 adders (D:2)
  2 ribbon worms (D:2)
  A dart slug (D:1)
  6 orcs (D:3)
  3 bats (D:1)
  2 endoplasms (D:1)
  A giant cockroach (D:1)
  2 hobgoblins (D:1)
  7 jackals
  4 kobolds
  A quokka (D:1)
  2 ball pythons (D:1)
  5 goblins
  4 rats (D:1)
54 creatures vanquished.

Grand Total: 113 creatures vanquished

Notes
Turn   | Place    | Note
-------+----------+-------------------------------------------
     0 | D:1      | night the Merfolk Summoner began the quest for the Orb.
     0 | D:1      | Reached XP level 1. HP: 13/13 MP: 3/3
   162 | D:1      | HP: 1/13 [dart slug/slug dart (6)]
   221 | D:1      | Reached XP level 2. HP: 16/19 MP: 1/5
   224 | D:1      | Learned a level 2 spell: Call Imp
   428 | D:1      | Reached XP level 3. HP: 17/24 MP: 1/6
   432 | D:1      | Learned a level 3 spell: Call Canine Familiar
  1089 | D:2      | Found a snail-covered altar of Cheibriados.
  1115 | D:2      | Became a worshipper of Cheibriados the Contemplative
  1186 | D:2      | Noticed Jessica
  1193 | D:2      | Killed Jessica
  1194 | D:2      | Reached skill level 1 in Fire Magic
  1194 | D:2      | Reached XP level 4. HP: 28/30 MP: 8/8
  1662 | D:2      | Reached * piety under Cheibriados
  1987 | D:2      | Reached XP level 5. HP: 35/35 MP: 2/9
  2098 | D:2      | Learned a level 4 spell: Summon Blazeheart Golem
  2397 | D:3      | Found Zyotizo's Antique Weapon Emporium.
  2541 | D:3      | Reached skill level 5 in Summonings
  2623 | D:3      | Noticed a kobold brigand
  2633 | D:3      | Reached ** piety under Cheibriados
  2638 | D:3      | Killed a kobold brigand
  2639 | D:3      | Reached skill level 2 in Fire Magic
  2639 | D:3      | Reached XP level 6. HP: 34/41 MP: 5/11
  2714 | D:3      | HP: 5/41 [scorpion (2)]
  2715 | D:3      | HP: 2/41 [scorpion (1)]
  2729 | D:3      | HP: 6/41 [gnoll bouda/+0 whip (6)]
  2738 | D:3      | Reached XP level 7. HP: 19/46 MP: 6/13
  2975 | D:3      | Reached *** piety under Cheibriados
  3034 | D:3      | Reached skill level 6 in Summonings
  3389 | D:3      | Noticed a nameless horror
  3410 | D:3      | HP: 10/69 [nameless horror[miscasting Summon Blazeheart
                  | Golem] (6)]
  3446 | D:3      | HP: 2/46 [orc/+4 hand axe (10)]
  3448 | D:3      | Mangled by an orc

Illustrated notes

Levels and vault maps discovered:
D:1:      heliophobic_arrival_enchanted_forest, layout_rooms
D:2:      layout_loops_cross, basic_altar, minmay_misc_feat_square,
          hangedman_decor_slide_cut, uniq_jessica
D:3:      lemuel_castle_with_subvaults [lemuel_castle_interior_original],
          layout_loops_ring, serial_shops, shop

Skill      XL: |  1  2  3  4  5  6  7 |
---------------+----------------------+-----
Spellcasting   | 3 4 |  4.7
Fire Magic     | 1 2 3 |  3.1
Summonings     | 5 6 |  6.1
Dodging        | |  2.6
Stealth        | |  2.1

Action                     |  1- 3 |  4- 6 |  7- 9 || total
---------------------------+-------+-------+-------++-------
  Melee: Unarmed           |    43 |       |       ||    43
         Whip              |    22 |   129 |    80 ||   231
         Punch             |       |     1 |     3 ||     4
         Tailslap          |       |       |     2 ||     2
   Cast: Summon Small Mamm |    26 |     8 |    16 ||    50
         Call Imp          |    10 |    12 |     6 ||    28
         Call Canine Famil |     4 |     5 |     4 ||    13
    Use: Potion            |       |     3 |     6 ||     9
         Scroll            |       |       |     5 ||     5
   Stab: Sleeping          |     2 |     2 |       ||     4
         Distracted        |       |       |     1 ||     1
 Armour: Robe              |    69 |    74 |    45 ||   188
         Skin              |       |       |    15 ||    15
  Dodge: Dodged            |    87 |   121 |    55 ||   263

Table legend: (Time is in decaauts)
 A = Elapsed time spent in this place.
 B = Non-inter-level travel time spent in this place.
 C = Inter-level travel time spent in this place.
 D = Time resting spent in this place.
 E = Time spent auto-exploring this place.
 F = Levels seen in this place.
 G = Mean time per level.
                   A        B        C        D        E       F      G
               +--------+--------+--------+--------+--------+-----+--------+
         Total |   3928 |   3851 |     77 |    225 |   2518 |   3 | 1309.3 |
       Dungeon |   3928 |   3851 |     77 |    225 |   2518 |   3 | 1309.3 |
               +--------+--------+--------+--------+--------+-----+--------+

Top non-repeatable levels by time:
     D:3: 1587 daAuts
     D:2: 1252 daAuts
     D:1: 1088 daAuts
